 Dungeon Sprint DCSS version 0.27-a0-1202-ge72e49191c (console) character file.

Game seed: 7012123123361619264

3465 Morrissey the Severer (level 10, -2/97 HPs)
             Began as a Hill Orc Fighter on June 4, 2021.
             Was the Champion of Makhleb.
             Killed from afar by a deep elf zephyrmancer (22 damage)
             ... with a bolt of lightning
             ... in the Dungeon (Sprint VII: "The Pits").
             The game lasted 00:08:41 (1182 turns).

Morrissey the Severer (Hill Orc Fighter)            Turns: 1182, Time: 00:08:42

Health: -2/97      AC: 23    Str: 23    XL:     10   Next: 6%
Magic:  15/17      EV:  6    Int:  8    God:    Makhleb [******]
Gold:   0          SH: 13    Dex: 13    Spells: 9/9 levels left

rFire    . . .     SeeInvis .   a - +2 war axe (vorpal)
rCold    . . .     Faith    .   c - +0 kite shield
rNeg     . . .     Spirit   .   n - +2 plate armour
rPois    .         Reflect  .   p - +0 helmet
rElec    .         Harm     .   q - +0 cloak
rCorr    .         Rampage  .   (no gloves)
Will     .....     NoTele   +   (no boots)
Stlth    ..........             (no amulet)
HPRegen  0.26/turn              b - +3 ring of protection
MPRegen  0.15/turn              d - +3 ring of dexterity

@: no status effects
A: no striking features
a: Renounce Religion, Minor Destruction, Lesser Servant of Makhleb, Major
Destruction, Greater Servant of Makhleb


You were in the Dungeon.
You worshipped Makhleb.
Makhleb was exalted by your worship.
You visited 1 branch

Inventory:

Hand Weapons
 a - a +2 vorpal war axe (weapon)
 o - a +2 hand axe of freezing
Armour
 c - a +0 kite shield (worn)
 n - a +2 plate armour (worn)
 p - a +0 helmet (worn)
 q - a +0 cloak (worn)
Jewellery
 b - a +3 ring of protection (left hand)
 d - a +3 ring of dexterity (right hand)
Scrolls
 j - a scroll of blinking
 k - 5 scrolls of amnesia
 l - a scroll of summoning
Potions
 e - 6 potions of curing
 f - 2 potions of invisibility
 g - a potion of haste
 h - 4 potions of magic
 i - 2 potions of berserk rage
 m - 7 potions of heal wounds


   Skills:
 + Level 12.1 Fighting
 - Level 16.6 Axes
 + Level 11.2 Armour
 + Level 11.2 Shields
 + Level 9.3 Invocations


You had 9 spell levels left.
You didn't know any spells.
Your spell library was empty.

Dungeon Overview and Level Annotations

Branches:
Dungeon (1/1)

Altars:
Ashenzari
Cheibriados
Dithmenos
Elyvilon
Fedhas
Gozag
Hepliaklqana
Kikubaaqudgha
Makhleb
Nemelex Xobeh
Okawaru
Qazlal
Ru
Sif Muna
Trog
Uskayaw
Vehumet
Wu Jian
Xom
Yredelemnul
Zin
The Shining One
Beogh
Jiyva
Lugonu


Message History

* * * LOW HITPOINT WARNING * * *
The snapping turtle closely misses you.
Your Fighting skill increases to level 12!
Your Invocations skill increases to level 9!
You have reached level 10!
You feel stronger.
Your shield prevents you from hitting the death yak.
The death yak is severely wounded.
You hit the snapping turtle but do no damage.
You hit the deep elf zephyrmancer. You closely miss the phantom.
The deep elf zephyrmancer mumbles some strange words.
The deep elf zephyrmancer blinks!
You block the phantom's attack. The death yak gores you.
* * * LOW HITPOINT WARNING * * *
You hit the death yak.
The death yak is severely wounded.
You hit the snapping turtle but do no damage.
You barely miss the phantom. You block the snapping turtle's attack.
Unknown command.
Unknown command.
You hit the death yak but do no damage.
The death yak is severely wounded.
You slash the phantom! You barely miss the snapping turtle.
The phantom barely misses you. The death yak gores you!
* * * LOW HITPOINT WARNING * * *
The snapping turtle bites you but does no damage.
Unknown command.
Unknown command.
You feel much better. You block the phantom's attack.
The death yak gores you but does no damage.
The snapping turtle bites you.
* * * LOW HITPOINT WARNING * * *
You slash the death yak!
The death yak is almost dead.
You hit the phantom.
You hit the snapping turtle but do no damage.
The phantom hits you but does no damage.
The deep elf zephyrmancer gestures at you while chanting.
The bolt of lightning hits you!!
You die...

.....##..#..#####.##
.....##..#....##.).#
.....##..'.....#...#
#######..'.....'...+
#######..'.....#...#
#..[.##..#....##...#
#.!.[##..#..#####e##
'..).##..####..t#'######
#!!))##†.##....Y@........
#.!))##..#.....W........#
#########################


You could see a death yak, a snapping turtle, a deep elf zephyrmancer and a
phantom.

Vanquished Creatures
  A death yak (D)
  A manticore (D)
  A hellwing (D)
  Eustachio (D)
  3 yaks (D)
  2 vampire mosquitoes (D)
  A water moccasin (D)
  A black bear (D)
  5 wolves (D)
  A bullfrog (D)
  5 killer bees (D)
  12 wights (D)
  2 jellies (D)
  A white imp (D)
  2 ufetubi (D)
  A worm (D)
  A ball python (D)
  2 endoplasms (D)
  2 giant cockroaches (D)
  A goblin (D)
  2 hobgoblins (D)
  A frilled lizard (D)
  A kobold (D)
50 creatures vanquished.

Notes
Turn   | Place    | Note
-------+----------+-------------------------------------------
     0 | D        | Morrissey the Hill Orc Fighter began the quest for the Orb.
     0 | D        | Reached XP level 1. HP: 19/19 MP: 1/1
    14 | D        | Reached skill level 3 in Axes
    50 | D        | Found a glowing golden altar of the Shining One.
    50 | D        | Found a glowing silver altar of Zin.
    50 | D        | Found a basalt altar of Yredelemnul.
    50 | D        | Found a shimmering altar of Xom.
    50 | D        | Found an ornate altar of the Wu Jian Council.
    50 | D        | Found a bloodstained altar of Trog.
    50 | D        | Found a shimmering blue altar of Sif Muna.
    50 | D        | Found a sacrificial altar of Ru.
    50 | D        | Found a stormy altar of Qazlal.
    50 | D        | Found an iron altar of Okawaru.
    50 | D        | Found a sparkling altar of Nemelex Xobeh.
    50 | D        | Found a burning altar of Makhleb.
    50 | D        | Found a viscous altar of Jiyva.
    50 | D        | Found a hazy altar of Hepliaklqana.
    50 | D        | Found an opulent altar of Gozag.
    50 | D        | Found a blossoming altar of Fedhas.
    50 | D        | Found a white marble altar of Elyvilon.
    50 | D        | Found a shadowy altar of Dithmenos.
    50 | D        | Found a snail-covered altar of Cheibriados.
    51 | D        | Found a radiant altar of Vehumet.
    51 | D        | Found a corrupted altar of Lugonu.
    51 | D        | Found a roughly hewn altar of Beogh.
    54 | D        | Found a broken altar of Ashenzari.
    54 | D        | Found an ancient bone altar of Kikubaaqudgha.
    54 | D        | Found a hide-covered altar of Uskayaw.
    67 | D        | Became a worshipper of Makhleb the Destroyer
    88 | D        | Reached skill level 4 in Axes
    88 | D        | Reached XP level 2. HP: 25/27 MP: 2/2
   108 | D        | Reached * piety under Makhleb
   118 | D        | Reached ** piety under Makhleb
   119 | D        | Reached skill level 5 in Axes
   120 | D        | Reached skill level 5 in Fighting
   120 | D        | Reached skill level 6 in Axes
   120 | D        | Reached XP level 3. HP: 12/36 MP: 3/3
   384 | D        | Noticed a water moccasin
   389 | D        | Killed a water moccasin
   390 | D        | Reached skill level 8 in Axes
   390 | D        | Reached XP level 4. HP: 45/45 MP: 4/4
   390 | D        | Reached XP level 5. HP: 51/51 MP: 5/5
   398 | D        | Reached *** piety under Makhleb
   399 | D        | Reached skill level 9 in Axes
   399 | D        | Noticed a black bear
   412 | D        | Reached skill level 10 in Axes
   412 | D        | Reached XP level 6. HP: 26/60 MP: 6/6
   415 | D        | Reached **** piety under Makhleb
   416 | D        | Reached skill level 11 in Axes
   420 | D        | Killed a black bear
   421 | D        | Reached skill level 12 in Axes
   421 | D        | Reached XP level 7. HP: 7/69 MP: 7/7
   438 | D        | Reached ***** piety under Makhleb
   694 | D        | Reached skill level 1 in Invocations
   702 | D        | Reached skill level 13 in Axes
   714 | D        | Noticed a yak
   714 | D        | Noticed a yak
   714 | D        | Noticed a yak
   725 | D        | Reached ****** piety under Makhleb
   726 | D        | Reached XP level 8. HP: 79/79 MP: 10/10
   730 | D        | Killed a yak
   731 | D        | Reached skill level 10 in Fighting
   735 | D        | Reached skill level 14 in Axes
   738 | D        | Killed a yak
   739 | D        | Reached skill level 5 in Invocations
   740 | D        | Killed a yak
   857 | D        | Found the +7 pair of quick blades "Gyre" and "Gimble"
                  | {protect}
   973 | D        | Noticed a death yak
   995 | D        | Killed a death yak
   996 | D        | Reached skill level 15 in Axes
   996 | D        | Reached skill level 10 in Armour
   996 | D        | Reached skill level 10 in Shields
   996 | D        | Reached XP level 9. HP: 64/89 MP: 12/14
  1120 | D        | Noticed a hellwing
  1130 | D        | Noticed Eustachio
  1131 | D        | Reached skill level 16 in Axes
  1143 | D        | Killed a hellwing
  1150 | D        | Killed Eustachio
  1164 | D        | Noticed a deep elf zephyrmancer
  1164 | D        | Noticed a death yak
  1165 | D        | Noticed a manticore
  1177 | D        | Killed a manticore
  1178 | D        | Reached XP level 10. HP: 26/97 MP: 15/17
  1182 | D        | Killed from afar by a deep elf zephyrmancer

Illustrated notes

Levels and vault maps discovered:
D:        pitsprint [storerooms_1, entrance_room_1, metal_vault_1, armoury_1,
          mini_pit_1, grid_room_1, main_hall_1, silver_pit, the_coven_1,
          the_vestibule_1, steel_vault_4, golden_pit, hallway_of_sentries,
          crystal_vault_5, iron_vault_1, final_vault]

Skill      XL: |  1  2  3  4  5  6  7  8  9 |
---------------+----------------------------+-----
Fighting       | 4 5 6 7 8 9 11 12 | 12.1
Axes           | 4 6 8 10 12 13 15 16 | 16.6
Armour         | 4 6 7 8 10 11 | 11.2
Shields        | 4 6 7 8 10 11 | 11.2
Invocations    | 3 7 9 |  9.3

Action                   |  1- 3 |  4- 6 |  7- 9 | 10-12 || total
-------------------------+-------+-------+-------+-------++-------
Melee: War axe           |    21 |       |    64 |     4 ||    89
       Hand axe          |     3 |    25 |    69 |       ||    97
  Use: Potion            |     1 |     2 |     4 |     1 ||     8
Armor: Scale mail        |    19 |       |       |       ||    19
       Plate armour      |     2 |    18 |    70 |     3 ||    93
Dodge: Dodged            |    14 |     7 |    23 |     1 ||    45
Block: Kite shield       |    24 |    16 |    86 |     3 ||   129

Table legend: (Time is in decaauts)
 A = Elapsed time spent in this place.
 B = Non-inter-level travel time spent in this place.
 C = Inter-level travel time spent in this place.
 D = Time resting spent in this place.
 E = Time spent auto-exploring this place.
 F = Levels seen in this place.
 G = Mean time per level.
                   A        B        C        D        E       F      G
               +--------+--------+--------+--------+--------+-----+--------+
         Total |   1182 |   1182 |      0 |    625 |      0 |   1 | 1182.0 |
       Dungeon |   1182 |   1182 |      0 |    625 |      0 |   1 | 1182.0 |
               +--------+--------+--------+--------+--------+-----+--------+

Top non-repeatable levels by time:
       D: 1182 daAuts
